 Dungeon Crawl Stone Soup version 0.26.1-11-gd32895ea62 (webtiles) character file.

Game seed: 10880669310692974858

23 Zeld the Insei (level 3, -1/23 HPs)
             Began as an Octopode Transmuter on May 27, 2021.
             Succumbed to a gnoll's poison
             ... on level 2 of the Dungeon.
             The game lasted 00:00:59 (1108 turns).

Zeld the Insei (Octopode Transmuter)                Turns: 1108, Time: 00:01:00

Health: -1/23      AC:  2    Str: 10    XL:     3   Next: 0%
Magic:  3/6        EV: 20    Int: 15    God:
Gold:   0          SH:  0    Dex: 17    Spells: 0/6 levels left

rFire    . . .     SeeInvis .     - Unarmed
rCold    . . .     Faith    .   (shield currently unavailable)
rNeg     . . .     Spirit   .   (helmet currently unavailable)
rPois    x         Reflect  .   (no amulet)
rElec    .         Harm     .   (no ring)
rCorr    .         Rampage  .   (no ring)
Will     .....                  (no ring)
Stlth    ++........             (no ring)
HPRegen  0.07/turn              (no ring)
MPRegen  0.10/turn              (no ring)
                                (no ring)
                                (no ring)

@: lethally poisoned (-1 -> -20), spider-form (expiring)
A: tiny, almost no armour, stealthy swim, (amphibious), 8 rings, (constrict 8)
a: End Transformation


You were on level 2 of the Dungeon.
You were a venomous arachnid creature.
You visited 1 branch of the dungeon, and saw 2 of its levels.

Inventory:

Scrolls
 b - 3 scrolls of identify {unknown}
Potions
 a - a potion of brilliance {unknown}


   Skills:
 + Level 1.4 Fighting
 + Level 2.2 Dodging
 - Level 3.0 Unarmed Combat
 * Level 2.3 Spellcasting
 * Level 2.4 Transmutations


You couldn't memorise any spells.
You knew the following spells:

 Your Spells              Type           Power        Failure   Level
a - Beastly Appendage     Tmut           18%          21%         1
b - Wereblood             Tmut           9%           28%         2
c - Spider Form           Tmut/Pois      2%           58%         3

Your spell library contained the following spells:

 Spells                   Type           Power        Failure   Level
 Ice Form                 Ice/Tmut       5%           90%         4
 Blade Hands              Tmut           4%           98%         5


Dungeon Overview and Level Annotations

Branches:
Dungeon (2/15)

Altars:


Innate Abilities, Weirdness & Mutations

You cannot wear most types of armour.
You are very stealthy in the water. (Stealth+)
((You are amphibious.))
You can wear up to eight rings at the same time.
((You can use your tentacles to constrict eight enemies at once.))
((Your skin changes colour to match your surroundings (Stealth+).))
((Your rubbery body absorbs attacks. (AC +1, EV +1)))


Message History

You hit the gnoll but do no damage.
The gnoll is poisoned.
The gnoll misses you. The gnoll completely misses you.
You hit the gnoll but do no damage.
The gnoll looks even sicker.
The gnoll is lightly wounded.
The gnoll closely misses you. The gnoll misses you.
You hit the gnoll.
The gnoll looks as sick as possible!
The gnoll is moderately wounded.
Your transformation is almost over.
The gnoll hits you with a +2 spear of venom!
You are lethally poisoned!
The gnoll hits you!
* * * LOW HITPOINT WARNING * * *
* * * LOW HITPOINT WARNING * * *
You feel sick. The gnoll closely misses you.
Unknown command.
* * * LOW HITPOINT WARNING * * *
You feel sick.
A goblin comes into view.
You see here a bat corpse.
You die...

########.#..
#)...### #.####
#.# #.# #####
#.# # )..# #.#
#.#####g#####.#
##
#..s†g.g.†....#
#.
#######.#####.#
#. #># ### #.
#.# #. #.# ##
#.# ..# ###


You could see 2 gnolls and a goblin.

Vanquished Creatures
  A worm (D:2)
  A leopard gecko (D:2)
  4 hobgoblins
  4 jackals (D:2)
  3 bats (D:2)
  2 frilled lizards (D:1)
  A goblin (D:2)
  A kobold (D:2)
  2 rats (D:1)
19 creatures vanquished.

Notes
Turn   | Place    | Note
-------+----------+-------------------------------------------
     0 | D:1      | Zeld the Octopode Transmuter began the quest for the Orb.
     0 | D:1      | Reached XP level 1. HP: 13/13 MP: 3/3
   425 | D:2      | Reached XP level 2. HP: 18/18 MP: 3/5
   428 | D:2      | Learned a level 2 spell: Wereblood
  1095 | D:2      | Reached XP level 3. HP: 22/23 MP: 6/6
  1099 | D:2      | Learned a level 3 spell: Spider Form
  1107 | D:2      | HP: 1/23 [poisoned by a gnoll]
  1108 | D:2      | Succumbed to a gnoll's poison

Illustrated notes

Levels and vault maps discovered:
D:1:      dpeg_arrival_renting, layout_basic, minmay_misc_feat_roman,
          doesnt_xom_only_xom
D:2:      layout_basic, grunt_dithmenos_smoke, chequers_ecumenical_altar_island,
          uniq_natasha

Action                   || total
-------------------------++-------
Melee: Unarmed           ||    47
       Kick              ||    12
       Constrict         ||    13
       Tentacles         ||     8
 Cast: Beastly Appendage ||    11
       Wereblood         ||     1
       Spider Form       ||     1
 Stab: Sleeping          ||     1
Armor: Skin              ||     4
Dodge: Dodged            ||    37
